Map: Battle on the Boardwalk LE

Players

RuDDy - Winner!

  • Race: Zerg Zerg
  • League: Platinum
  • Spawn Location: 1:00

SamuraiFunn

  • Race: Protoss Protoss
  • Spawn Location: 11:00

VOD

Have the link to the VOD?

Description

Time

  • Played on: Nov. 25, 2017, 12:29 p.m.
  • Length: 10:35
Show
View Real Time Build Order
Export as new Build Order

RuDDy Zerg - Winner!

Build Orders: Hatch First, Zergling Baneling 

Get SALT Encoding   

  12  0:02  Drone  
  13  0:11  Drone  
  14  0:17  Overlord  
  14  0:36  Drone x2  
  14  0:37  Drone  
  17  0:47  Drone  
  18  0:59  Hatchery  
  18  1:01  Drone  
  18  1:07  Extractor  
  18  1:08  Drone  
  18  1:19  Drone  
  18  1:23  Spawning Pool  
  18  1:29  Drone  
  19  1:52  Drone x2  
  21  2:05  Overlord  
  21  2:11  Queen x2  
  21  2:14  Metabolic Boost  
  26  2:15  Zergling x4  
  26  2:34  Zergling x4  
  26  2:35  Zergling x4  
  30  2:56  Lair  
  30  2:59  Hatchery  
  30  3:01  Drone  
  30  3:11  Drone x3  
  33  3:15  Drone  
  34  3:21  Baneling Nest  
  32  3:45  Drone x3  
  32  3:46  Drone x2  
  32  3:54  Spine Crawler  
  32  3:55  Zergling x6  
  34  3:56  Zergling x4  
  34  3:59  Overlord  
  36  4:15  Baneling x3  
  36  4:17  Baneling x2  
  36  4:18  Drone  
  36  4:19  Drone x4  
  36  4:20  Drone  
  36  4:23  Spore Crawler  
  41  4:28  Overseer  
  41  4:30  Drone  
  41  4:31  Drone  
  43  4:32  Drone  
  41  4:39  Zergling x6  
  41  4:43  Baneling x3  
  41  4:44  Zergling x2  
  44  4:53  Queen  
  44  4:54  Drone  
  44  4:55  Drone x2  
  49  5:04  Spine Crawler  
  48  5:08  Drone  
  48  5:09  Overlord  
  48  5:10  Overlord  
  49  5:19  Evolution Chamber  
  49  5:20  Drone, Evolution Chamber, Spore Crawler, Extractor  
  46  5:22  Drone  
  46  5:26  Extractor  
  46  5:27  Queen  
  48  5:36  Roach Warren  
  48  5:38  Queen  
  49  5:43  Drone  
  49  5:44  Drone  
  49  5:48  Zerg Melee Weapons Level 1  
  51  5:55  Drone x4  
  51  5:56  Drone  
  56  6:01  Zerg Ground Armor Level 1  
  56  6:07  Baneling  
  56  6:08  Baneling x2, Drone x2  
  58  6:28  Overlord x3  
  58  6:33  Spine Crawler  
  58  6:35  Spine Crawler  
  58  6:39  Hatchery  
  55  6:41  Zergling x4  
  57  6:48  Roach x3  
  57  6:51  Zergling x4  
  57  6:52  Zergling x2  
  57  6:54  Baneling  
  66  6:58  Centrifical Hooks  
  66  7:05  Zergling x8  
  70  7:15  Zergling x10  
  70  7:19  Zergling x6  
  70  7:21  Zergling x2  
  67  7:25  Zergling x2  
  67  7:26  Zergling x2  
  67  7:27  Zergling x2  
  62  7:30  Zergling x2  
  62  7:32  Zergling x2  
  58  7:37  Drone  
  58  7:38  Drone  
  58  7:40  Drone  
  58  7:43  Baneling  
  60  7:44  Baneling x2  
  60  7:48  Drone  
  60  7:49  Drone  
  62  7:58  Ravager x2  
  64  8:02  Baneling x2  
  64  8:03  Baneling x2  
  64  8:20  Queen  
  66  8:30  Roach  
  66  8:31  Roach x8  
  66  8:32  Overlord  
  84  8:37  Drone  
  84  8:38  Drone x2  
  87  9:03  Drone  
  87  9:04  Drone x7  
  95  9:12  Overlord  
  95  9:15  Overlord  
  95  9:24  Queen  
  86  9:36  Zergling x2  
  86  9:37  Zergling x24  
  95  9:45  Zergling x2  
  95  9:46  Zergling x6  
  99  10:01  Hydralisk Den  
  99  10:04  Overseer  
Show
View Real Time Build Order
Export as new Build Order

SamuraiFunn Protoss 

Build Orders:  

Get SALT Encoding   

  12  0:05  Probe  
  13  0:17  Probe  
  14  0:21  Pylon  
  14  0:29  Probe  
  15  0:41  Gateway, Probe  
  16  0:53  Probe  
  17  1:01  Assimilator  
  17  1:10  Probe  
  18  1:18  Gateway  
  18  1:23  Probe  
  19  1:35  Probe  
  19  1:36  Assimilator  
  19  1:37  Zealot  
  22  1:49  Probe  
  23  1:56  Cybernetics Core  
  23  2:17  Pylon  
  23  2:29  Pylon  
  23  2:34  Warp Gate (Chrono Boost)  
  23  2:35  Zealot x2  
  27  2:47  Nexus  
  27  2:52  Probe  
  28  3:02  Adept x2  
  28  3:04  Pylon  
  32  3:19  Probe, Twilight Council  
  33  3:29  Gateway  
  33  3:47  Probe  
  27  3:58  Adept x2  
  27  3:59  Probe  
  32  4:05  Probe  
  33  4:22  Probe x2  
  35  4:25  Charge (Chrono Boost)  
  33  4:50  Stalker x3  
  33  4:52  Probe x2  
  41  5:04  Probe x2  
  43  5:09  Gateway  
  43  5:16  Probe  
  44  5:21  Probe  
  44  5:28  Probe  
  46  5:32  Stalker  
  46  5:33  Probe  
  49  5:40  Probe  
  50  5:45  Probe  
  51  5:52  Probe, Stalker  
  51  5:54  Assimilator  
  54  5:58  Assimilator  
  54  6:00  Blink (Chrono Boost)  
  54  6:04  Stalker  
  54  6:07  Stalker  
  58  6:24  Stalker  
  60  6:26  Zealot  
  60  6:28  Pylon  
  60  6:29  Pylon  
  62  6:39  Pylon  
  62  6:40  Pylon  
  62  6:46  Probe x2  
  64  6:49  Stalker  
  64  6:50  Stalker  
  68  6:58  Probe  
  53  7:27  Stalker x4  
  43  7:45  Gateway  
  43  7:46  Gateway  
  43  7:48  Gateway  
  43  7:52  Probe x2  
  43  7:53  Forge x2  
  37  8:03  Stalker x3  
  43  8:16  Zealot  
  45  8:27  Protoss Shields Level 1 (Chrono Boost)  
  45  8:32  Stalker x3  
  51  8:37  Probe x2  
  53  8:49  Probe x2  
  53  8:53  Stalker  
  57  8:55  Zealot  
  57  8:56  Zealot  
  57  8:57  Zealot  
  57  9:01  Zealot x2  
  57  9:02  Zealot  
  69  9:22  Nexus  
  69  9:30  Zealot x2  
  69  9:31  Zealot  
  42  9:40  Zealot x2  
  39  9:56  Stalker x2  
  39  9:58  Stalker  
  44  10:17  Stalker  
  44  10:19  Zealot  
Tags
 
Add a new tag
Caveats
  • Supply blocks, unpowered buildings, or Contaminate may cause inaccurate times.
  • Supply counts are checked every 10 seconds.